General information
- name: BNet
- type: Ladder team game (AT/RT)
- host: Battle.net
- saver: RoundNRound
map: GolemsInTheMist
- players: 8
- length: 31:25
- speed: Fast
- version: 1.27 W3XP
- replay type: Public
» download(161 KB)
Players
team 1 (loser)
RoundNRound (
green | 42 APM | 1321 actions | 31:25)
7 Blademaster
3 Wind Walk
3 Critical Strike
1 Bladestorm
» actions
| Assign group hotkey | 57 | |
| Basic commands | 46 | |
| Build / train | 70 | |
| Enter build submenu | 52 | |
| Enter hero's abilities submenu | 8 | |
| Give item / drop item | 6 | |
| Remove unit from queue | 1 | |
| Right click | 491 | |
| Select / deselect | 301 | |
| Select group hotkey | 166 | |
| Use ability | 123 | |
1321 total
» units
| Peon | 11 | |
| Grunt | 3 | |
| Goblin Shredder | 3 | |
| Wind Rider | 7 | |
| Goblin Zeppelin | 3 | |
| Goblin Sapper | 3 | |
30 total
» upgrades
| Ranged Weapons | 3 | |
| Armor | 3 | |
| Reinforced Defenses | 1 | |
| Envenomed Spears | 1 | |
| Liquid Fire | 1 | |
| Spiked Barricades | 3 | |
| Ensnare | 1 | |
| War Drums Damage Increase | 1 | |
| Pillage | 1 | |
| Troll Regeneration | 1 | |
| Berserker Upgrade | 1 | |
| Burning Oil | 1 | |
| Berserker Strength | 1 | |
| Melee Weapons | 1 | |
20 total
» buildings
| Orc Burrow | 7 | |
| Altar of Storms | 1 | |
| Barracks | 1 | |
| Voodoo Lounge | 3 | |
| Stronghold | 2 | |
| War Mill | 2 | |
| Beastiary | 4 | |
| Great Hall | 5 | |
| Watch Tower | 46 | |
| Fortress | 1 | |
72 total
» build order
00:11 Orc Burrow
00:51 Altar of Storms
00:53 Barracks
01:04 Orc Burrow
01:40 Voodoo Lounge
02:49 Stronghold
03:28 Orc Burrow
04:31 War Mill
05:18 Beastiary
05:21 Beastiary
05:26 Orc Burrow
06:16 Great Hall
08:10 Watch Tower
08:10 Watch Tower
08:17 Watch Tower
09:00 Fortress
10:18 Watch Tower
10:19 Watch Tower
10:21 Watch Tower
10:21 Watch Tower
10:23 Watch Tower
10:24 Watch Tower
10:25 Watch Tower
10:25 Watch Tower
10:26 Watch Tower
10:27 Watch Tower
10:32 War Mill
10:35 Watch Tower
10:54 Watch Tower
11:03 Watch Tower
11:06 Watch Tower
13:13 Great Hall
13:18 Watch Tower
13:18 Watch Tower
13:19 Watch Tower
13:19 Watch Tower
13:21 Watch Tower
13:21 Watch Tower
13:22 Watch Tower
13:23 Watch Tower
13:24 Watch Tower
13:24 Watch Tower
13:25 Watch Tower
13:28 Voodoo Lounge
19:42 Watch Tower
19:43 Watch Tower
19:45 Watch Tower
19:46 Watch Tower
19:48 Watch Tower
20:43 Great Hall
20:48 Watch Tower
20:49 Watch Tower
20:49 Watch Tower
20:50 Watch Tower
20:51 Watch Tower
20:52 Watch Tower
20:52 Watch Tower
20:53 Watch Tower
20:53 Watch Tower
20:54 Watch Tower
20:54 Watch Tower
20:54 Watch Tower
20:59 Voodoo Lounge
21:41 Orc Burrow
21:49 Orc Burrow
21:54 Orc Burrow
22:25 Beastiary
22:27 Beastiary
25:02 Great Hall
25:18 Great Hall
» items
| Healing Salve | 5 | |
| Lesser Clarity Potion | 1 | |
| Potion of Mana | 1 | |
| Orb of Lightning | 1 | |
8 total

»
l0l1t4 (
pink | 76 APM | 2007 actions | 26:22)
4 Keeper of the Grove
2 Force of Nature
2 Entangling Roots
3 Priestess of the Moon
1 Scout
2 Trueshot Aura
» actions
| Assign group hotkey | 28 | |
| Basic commands | 1 | |
| Build / train | 98 | |
| ESC pressed | 1 | |
| Enter build submenu | 20 | |
| Enter hero's abilities submenu | 7 | |
| Right click | 841 | |
| Select / deselect | 595 | |
| Select group hotkey | 304 | |
| Use ability | 112 | |
2007 total
» units
| Wisp | 18 | |
| Archer | 24 | |
| Druid of the Talon | 5 | |
| Dryad | 13 | |
60 total
» upgrades
| Improved Bows | 1 | |
| Marksmanship | 1 | |
| Abolish Magic | 1 | |
| Druid of the Talon Training | 2 | |
| Vorpal Blades | 1 | |
6 total
» buildings
| Altar of Elders | 1 | |
| Moon Well | 5 | |
| Ancient of War | 1 | |
| Ancient of Wonders | 1 | |
| Tree of Life | 2 | |
| Tree of Ages | 1 | |
| Hunter's Hall | 1 | |
| Tree of Eternity | 1 | |
| Ancient Protector | 5 | |
| Ancient of Wind | 1 | |
| Ancient of Lore | 2 | |
21 total
» build order
00:12 Altar of Elders
00:21 Moon Well
01:03 Ancient of War
01:30 Moon Well
01:45 Ancient of Wonders
03:52 Tree of Life
04:47 Tree of Ages
04:54 Moon Well
05:27 Hunter's Hall
06:04 Moon Well
07:16 Tree of Eternity
07:24 Ancient Protector
07:29 Ancient Protector
07:35 Ancient Protector
09:26 Ancient of Wind
09:30 Ancient of Lore
13:03 Ancient Protector
13:09 Ancient Protector
15:22 Moon Well
19:30 Tree of Life
25:20 Ancient of Lore
» items
| Lesser Clarity Potion | 1 | |
| Potion of Healing | 7 | |
| Scroll of Town Portal | 5 | |
| Potion of Mana | 4 | |
| Orb of Venom | 3 | |
| Healing Salve | 1 | |
21 total
Gul-dan (
orange | 23 APM | 692 actions | 29:49)
4 Blademaster
1 Wind Walk
2 Mirror Image
1 Critical Strike
» actions
| Assign group hotkey | 14 | |
| Basic commands | 3 | |
| Build / train | 48 | |
| Enter build submenu | 22 | |
| Enter hero's abilities submenu | 4 | |
| Remove unit from queue | 1 | |
| Right click | 225 | |
| Select / deselect | 190 | |
| Select group hotkey | 124 | |
| Use ability | 59 | |
692 total
» units
| Peon | 12 | |
| Grunt | 7 | |
| Tauren | 5 | |
| Shaman | 1 | |
25 total
» upgrades
| Melee Weapons | 1 | |
| Armor | 1 | |
| Shaman Training | 2 | |
| Witch Doctor Training | 2 | |
6 total
» buildings
| Barracks | 2 | |
| Altar of Storms | 2 | |
| Orc Burrow | 10 | |
| Voodoo Lounge | 1 | |
| Stronghold | 1 | |
| War Mill | 1 | |
| Fortress | 2 | |
| Spirit Lodge | 4 | |
| Tauren Totem | 2 | |
| Great Hall | 1 | |
26 total
» build order
00:20 Barracks
00:32 Altar of Storms
00:43 Orc Burrow
02:04 Orc Burrow
02:18 Voodoo Lounge
04:23 Orc Burrow
04:59 Stronghold
05:14 War Mill
05:51 Orc Burrow
07:24 Fortress
07:24 Fortress
07:41 Spirit Lodge
07:48 Spirit Lodge
08:54 Orc Burrow
08:55 Orc Burrow
09:16 Orc Burrow
09:46 Orc Burrow
09:52 Tauren Totem
09:53 Tauren Totem
10:35 Barracks
11:09 Spirit Lodge
11:11 Spirit Lodge
12:07 Orc Burrow
14:47 Orc Burrow
21:22 Great Hall
24:34 Altar of Storms
» items
| Healing Salve | 2 | |
| Lesser Clarity Potion | 2 | |
| Scroll of Speed | 1 | |
| Potion of Healing | 1 | |
| Orb of Lightning | 1 | |
| Scroll of Town Portal | 1 | |
8 total
seerseer69 (
red | 44 APM | 1260 actions | 28:56)
5 Warden
3 Fan of Knives
2 Shadow Strike
» actions
| Assign group hotkey | 10 | |
| Basic commands | 29 | |
| Build / train | 78 | |
| Enter build submenu | 19 | |
| Enter hero's abilities submenu | 5 | |
| Remove unit from queue | 12 | |
| Right click | 607 | |
| Select / deselect | 329 | |
| Select group hotkey | 48 | |
| Use ability | 123 | |
1260 total
» units
| Wisp | 17 | |
| Archer | 8 | |
| Faerie Dragon | 6 | |
| Chimaera | 5 | |
| Hippogryph | 3 | |
39 total
» upgrades
| Strength of the Wild | 2 | |
| Reinforced Hides | 2 | |
| Nature's Blessing | 1 | |
| Corrosive Breath | 1 | |
6 total
» buildings
| Altar of Elders | 1 | |
| Ancient of War | 1 | |
| Moon Well | 9 | |
| Ancient of Wonders | 1 | |
| Tree of Ages | 5 | |
| Hunter's Hall | 1 | |
| Tree of Eternity | 4 | |
| Ancient of Wind | 1 | |
| Chimaera Roost | 3 | |
| Tree of Life | 3 | |
29 total
» build order
00:24 Altar of Elders
00:28 Ancient of War
00:33 Moon Well
02:06 Moon Well
02:28 Ancient of Wonders
04:12 Tree of Ages
04:12 Tree of Ages
04:12 Tree of Ages
05:19 Moon Well
05:23 Moon Well
06:29 Hunter's Hall
06:33 Tree of Eternity
06:33 Tree of Eternity
06:42 Ancient of Wind
11:57 Chimaera Roost
12:00 Chimaera Roost
12:06 Chimaera Roost
12:28 Moon Well
12:30 Moon Well
12:31 Moon Well
13:26 Moon Well
13:29 Moon Well
15:43 Tree of Life
23:15 Tree of Life
24:44 Tree of Life
» items
| Dust of Appearance | 2 | |
| Healing Salve | 1 | |
| Lesser Clarity Potion | 1 | |
| Scroll of Town Portal | 1 | |
| Potion of Healing | 1 | |
6 total
team 2 (winner)
281591258156721 (
yellow | 92 APM | 2879 actions | 31:25)
9 Blademaster
3 Wind Walk
3 Critical Strike
1 Bladestorm
2 Mirror Image
5 Death Knight
3 Unholy Aura
2 Death Coil
» actions
| Assign group hotkey | 69 | |
| Basic commands | 49 | |
| Build / train | 194 | |
| Enter build submenu | 75 | |
| Enter hero's abilities submenu | 14 | |
| Give item / drop item | 3 | |
| Remove unit from queue | 2 | |
| Right click | 1055 | |
| Select / deselect | 416 | |
| Select group hotkey | 740 | |
| Use ability | 262 | |
2879 total
» units
| Peon | 15 | |
| Grunt | 4 | |
| Crypt Fiend | 12 | |
| Ghoul | 3 | |
| Goblin Shredder | 5 | |
| Goblin Zeppelin | 5 | |
| Wind Rider | 6 | |
| Obsidian Statue | 2 | |
| Acolyte | 1 | |
| Frost Wyrm | 3 | |
| Goblin Sapper | 5 | |
| Kodo Beast | 1 | |
| Raider | 1 | |
| Troll Headhunter/Berserker | 4 | |
| Tauren | 2 | |
69 total
» upgrades
| Creature Attack | 3 | |
| Creature Carapace | 3 | |
| Berserker Strength | 1 | |
| Pillage | 1 | |
| Ranged Weapons | 3 | |
| Reinforced Defenses | 1 | |
| Web | 1 | |
| Burrow | 1 | |
| Envenomed Spears | 1 | |
| Armor | 3 | |
| Destroyer Form | 1 | |
| Troll Regeneration | 1 | |
| Spiked Barricades | 2 | |
| War Drums Damage Increase | 1 | |
| Berserker Upgrade | 1 | |
| Ensnare | 1 | |
| Freezing Breath | 1 | |
| Melee Weapons | 3 | |
| Burning Oil | 1 | |
| Pulverize | 1 | |
| Backpack | 1 | |
32 total
» buildings
| Orc Burrow | 7 | |
| Graveyard | 1 | |
| Crypt | 1 | |
| Altar of Darkness | 1 | |
| Ziggurat | 9 | |
| Altar of Storms | 1 | |
| Barracks | 3 | |
| Voodoo Lounge | 2 | |
| Nerubian Tower | 10 | |
| War Mill | 1 | |
| Stronghold | 6 | |
| Tomb of Relics | 1 | |
| Halls of the Dead | 4 | |
| Great Hall | 2 | |
| Watch Tower | 30 | |
| Spirit Tower | 6 | |
| Sacrificial Pit | 1 | |
| Fortress | 3 | |
| Beastiary | 3 | |
| Black Citadel | 6 | |
| Slaughterhouse | 1 | |
| Boneyard | 3 | |
| Tauren Totem | 2 | |
| Spirit Lodge | 1 | |
105 total
» build order
00:11 Orc Burrow
01:04 Orc Burrow
01:12 Graveyard
01:17 Crypt
01:21 Altar of Darkness
01:24 Ziggurat
01:26 Ziggurat
01:32 Altar of Storms
01:35 Barracks
02:48 Voodoo Lounge
03:29 Nerubian Tower
03:29 Nerubian Tower
03:29 Nerubian Tower
03:31 Ziggurat
03:37 War Mill
03:47 Orc Burrow
04:39 Stronghold
04:40 Stronghold
04:40 Stronghold
04:40 Stronghold
04:53 Tomb of Relics
05:19 Halls of the Dead
05:19 Halls of the Dead
05:19 Halls of the Dead
06:03 Great Hall
06:36 Ziggurat
06:37 Ziggurat
06:53 Watch Tower
06:54 Watch Tower
06:55 Watch Tower
06:56 Watch Tower
07:31 Spirit Tower
07:32 Spirit Tower
07:46 Watch Tower
07:49 Watch Tower
07:56 Ziggurat
08:00 Sacrificial Pit
08:26 Fortress
08:27 Fortress
08:27 Fortress
09:23 Voodoo Lounge
09:29 Watch Tower
09:30 Watch Tower
09:31 Watch Tower
09:41 Beastiary
09:46 Beastiary
12:59 Black Citadel
12:59 Black Citadel
13:00 Black Citadel
13:00 Black Citadel
13:08 Slaughterhouse
13:11 Nerubian Tower
13:11 Nerubian Tower
13:11 Nerubian Tower
13:12 Nerubian Tower
13:25 Spirit Tower
13:26 Spirit Tower
13:26 Spirit Tower
13:47 Orc Burrow
13:48 Orc Burrow
13:50 Beastiary
15:37 Boneyard
15:39 Boneyard
15:42 Boneyard
21:22 Watch Tower
21:22 Watch Tower
21:23 Watch Tower
21:24 Watch Tower
21:25 Watch Tower
21:30 Watch Tower
21:30 Watch Tower
21:32 Watch Tower
21:32 Watch Tower
21:34 Watch Tower
21:37 Watch Tower
22:27 Ziggurat
22:29 Ziggurat
22:31 Ziggurat
22:52 Orc Burrow
22:53 Orc Burrow
23:02 Watch Tower
23:03 Watch Tower
23:05 Watch Tower
23:08 Watch Tower
23:11 Watch Tower
23:12 Watch Tower
25:01 Barracks
25:02 Barracks
25:06 Tauren Totem
25:08 Tauren Totem
28:38 Great Hall
28:41 Watch Tower
28:43 Watch Tower
28:45 Watch Tower
28:49 Watch Tower
29:18 Spirit Lodge
» items
| Healing Salve | 6 | |
| Lesser Clarity Potion | 6 | |
| Orb of Lightning | 2 | |
| Scroll of Town Portal | 1 | |
15 total
sobrietyloses (
teal | 28 APM | 510 actions | 18:05)
3 Archmage
2 Blizzard
1 Brilliance Aura
» actions
| Assign group hotkey | 1 | |
| Build / train | 51 | |
| ESC pressed | 4 | |
| Enter build submenu | 18 | |
| Enter hero's abilities submenu | 3 | |
| Remove unit from queue | 3 | |
| Right click | 249 | |
| Select / deselect | 149 | |
| Use ability | 32 | |
510 total
» units
| Peasant | 7 | |
| Rifleman | 10 | |
| Priest | 4 | |
| Sorceress | 2 | |
| Spell Breaker | 2 | |
25 total
» upgrades
| Gunpowder | 3 | |
| Armor | 1 | |
| Long Rifles | 1 | |
| Priest Training | 2 | |
| Magic Sentry | 1 | |
8 total
» buildings
| Altar of Kings | 1 | |
| Farm | 8 | |
| Blacksmith | 1 | |
| Barracks | 1 | |
| Lumber Mill | 1 | |
| Keep | 1 | |
| Arcane Vault | 1 | |
| Arcane Sanctum | 1 | |
| Castle | 1 | |
| Scout Tower | 3 | |
| Guard Tower | 3 | |
22 total
» build order
00:09 Altar of Kings
00:17 Farm
00:57 Blacksmith
01:34 Barracks
01:53 Farm
02:36 Farm
02:44 Lumber Mill
03:16 Farm
04:09 Farm
04:27 Keep
05:08 Arcane Vault
06:56 Arcane Sanctum
08:03 Castle
09:57 Farm
12:06 Farm
13:35 Scout Tower
13:37 Scout Tower
14:30 Guard Tower
15:33 Guard Tower
15:45 Scout Tower
16:18 Farm
16:20 Guard Tower
» items
| Healing Salve | 1 | |
| Scroll of Speed | 1 | |
| Lesser Clarity Potion | 1 | |
| Orb of Fire | 1 | |
| Ivory Tower | 2 | |
6 total

»
07forresterXT (
blue | 46 APM | 839 actions | 18:23)
4 Blademaster
2 Wind Walk
1 Mirror Image
1 Critical Strike
1 Death Knight
1 Death Coil
» actions
| Assign group hotkey | 23 | |
| Basic commands | 7 | |
| Build / train | 53 | |
| Enter build submenu | 18 | |
| Enter hero's abilities submenu | 6 | |
| Right click | 383 | |
| Select / deselect | 251 | |
| Select group hotkey | 44 | |
| Use ability | 54 | |
839 total
» units
| Peon | 10 | |
| Grunt | 2 | |
| Troll Headhunter/Berserker | 7 | |
| Demolisher | 1 | |
| Goblin Shredder | 1 | |
| Kodo Beast | 1 | |
| Troll Batrider | 2 | |
24 total
» upgrades
| Armor | 1 | |
| Spiked Barricades | 3 | |
| Ranged Weapons | 1 | |
| Troll Regeneration | 1 | |
| Reinforced Defenses | 1 | |
| Liquid Fire | 1 | |
8 total
» buildings
| Orc Burrow | 4 | |
| Altar of Storms | 1 | |
| Voodoo Lounge | 2 | |
| Barracks | 1 | |
| War Mill | 1 | |
| Stronghold | 1 | |
| Watch Tower | 7 | |
| Fortress | 1 | |
| Beastiary | 1 | |
19 total
» build order
00:10 Orc Burrow
00:14 Altar of Storms
01:14 Voodoo Lounge
01:46 Orc Burrow
02:00 Barracks
02:37 War Mill
04:18 Stronghold
04:45 Watch Tower
05:17 Orc Burrow
06:10 Watch Tower
06:17 Orc Burrow
07:38 Watch Tower
09:25 Fortress
09:40 Beastiary
12:25 Voodoo Lounge
12:36 Watch Tower
13:04 Watch Tower
13:05 Watch Tower
13:36 Watch Tower
» items
| Healing Salve | 1 | |
| Lesser Clarity Potion | 3 | |
| Potion of Healing | 6 | |
| Potion of Mana | 2 | |
| Orb of Lightning | 1 | |
13 total
Chat log
(00:47 / All) seerseer69: _Haha
(00:58 / All) seerseer69: Btw Merry Christmas soon :D
(01:14 / All) seerseer69: hope yal have good health money and family
(01:31 / All) RoundNRound: thx brother, u as well
(05:03 / All) seerseer69: no need for peon imma eat the trees to clear path
(05:08 / Allies) seerseer69: \fuck
(07:46 / Allies) seerseer69: orange you cool no stone?
(08:00 / Allies) Gul-dan: 1 sec
(08:20 / Allies) seerseer69: omw
(08:25 / Allies) seerseer69: may need on e more to tp
(18:36 / All) 281591258156721: LOL
(18:47 / All) 281591258156721: you're really good orange
(20:00 / All) 281591258156721: lmao
(20:16 / All) 281591258156721: raped by a blademaster
(20:33 / All) seerseer69: yellow lets whole team lose
(20:40 / All) seerseer69: then says you got raped? LOL
(20:41 / All) 281591258156721: yellow 26-44 no wonder LOL
(20:44 / All) 281591258156721: I mean orange
(20:52 / All) 281591258156721: what'd you do red, baby back bitch
(21:10 / All) seerseer69: win the game?
(21:11 / All) seerseer69: LOL
(21:13 / All) 281591258156721: No
(21:20 / All) seerseer69: .....
(22:05 / Allies) seerseer69: green can i have a coupe k
(22:14 / All) Gul-dan: plz leave yellow
(22:18 / All) 281591258156721: You lose
(22:30 / All) Gul-dan: i wanna watch porn
(22:41 / All) Gul-dan: hurry
(22:43 / All) 281591258156721: do it then, you'd be about as useful watching porn alt tabbed as you were playing
(22:47 / Allies) seerseer69: Green can i have some gold?
(23:54 / All) 281591258156721: nice warden lol
(24:09 / All) 281591258156721: "LOL
(24:45 / Allies) RoundNRound: red just tked me
(24:52 / Allies) seerseer69: I NEED GOLD
(24:59 / Allies) RoundNRound: ask nicely next time
(25:04 / Allies) seerseer69: I DID
(25:08 / Allies) seerseer69: 3 times
(25:12 / Allies) seerseer69: stop u fucker
(25:13 / Allies) RoundNRound: I was busy
(25:19 / Allies) seerseer69: gold me
(25:29 / Allies) RoundNRound: Not now, mister
(25:44 / All) 281591258156721: out
(25:45 / Allies) seerseer69: gg
(25:47 / Allies) RoundNRound: you had plenty of gold for sappers, you punk
(25:52 / All) 281591258156721: you may leave now
(25:56 / All) seerseer69: hope u win yellow
(26:19 / All) l0l1t4: green just has a lot of towers and nothing
(26:21 / All) l0l1t4: gg
(26:28 / All) 281591258156721: make excuses, losers
(26:29 / All) 281591258156721: lol
(26:48 / All) seerseer69: cock sucker green have fun losing bitvh
(26:55 / All) 281591258156721: make excuses little bitch LOL
(26:56 / All) 281591258156721: You lose
(27:02 / All) RoundNRound: Well you've certainly had a change of heart
(27:03 / All) 281591258156721: not so tough now are ya punk?
(27:13 / All) RoundNRound: Where was all the Christmas cheer and goodwill at the beginning of the game gone?
(27:13 / All) seerseer69: go yellow
(27:34 / All) seerseer69: its still here you just turned out to be a fucking twat
(27:51 / All) RoundNRound: That's rich, coming from the guy that tried to tk me like a self-entitled JERK
(27:52 / All) 281591258156721: amoveamoveamove
(28:46 / All) RoundNRound: I'm sorry that I can't attack yellow, we had a secret truce and pact from start of the game
(28:56 / All) RoundNRound: Okay, team? Sorry, that's how it turns out sometimes
(29:37 / All) 281591258156721: lol
(29:55 / All) RoundNRound: let's stats
(30:10 / All) 281591258156721: Purp 0-4 lol!
(30:19 / All) RoundNRound: all sub 50% on my team lawl
(30:19 / All) 281591258156721: 7-14 teal, lol
(30:28 / All) 281591258156721: 221-237 blue lol!
(30:32 / All) 281591258156721: all below 50% my team too
(30:42 / All) 281591258156721: You team talked trash but mine was just stupid I say yours loses
(30:46 / All) 281591258156721: noob elves who think they're better than they are
(30:49 / All) RoundNRound: Red sappered my expo
(30:53 / All) 281591258156721: plus my team had a insta leaver
(30:54 / All) RoundNRound: still had all my towered
(30:59 / All) RoundNRound: wehn he tried to put a tree of life there
(31:01 / All) RoundNRound: ? lol
(31:06 / All) RoundNRound: what a dummy
(31:20 / All) RoundNRound: I say me team lose